Map: [ESL] Blackburn

Players

Lambo

  • Race: Zerg Zerg

Astrea - Winner!

  • Race: Protoss Protoss

Event: IEM Katowice 2022

VOD

Have the link to the VOD?

Description

Time

  • Played on: Feb. 25, 2022, 6:23 a.m.
  • Length: 18:41

All games in this series

Show
View Real Time Build Order
Export as new Build Order

Lambo Zerg 

Build Orders: Hatch First, Lurkers 

Get SALT Encoding   

  12  0:00  Drone  
  13  0:13  Overlord  
  13  0:16  Drone  
  14  0:31  Drone x2  
  16  0:48  Hatchery  
  15  0:51  Drone  
  15  0:55  Drone  
  17  0:58  Drone  
  18  1:09  Extractor  
  17  1:13  Spawning Pool  
  17  1:17  Drone  
  17  1:20  Drone  
  18  1:28  Drone  
  19  1:39  Drone  
  20  1:54  Drone  
  20  2:00  Queen x2  
  26  2:01  Overlord, Zergling x2  
  26  2:11  Drone x2  
  26  2:12  Metabolic Boost  
  28  2:23  Drone x2  
  30  2:35  Hatchery  
  30  2:37  Drone  
  30  2:44  Queen  
  30  2:46  Drone  
  30  2:49  Overlord  
  33  2:55  Drone x2  
  33  2:58  Zergling x2  
  36  3:07  Queen  
  36  3:08  Overlord  
  36  3:10  Drone  
  39  3:13  Drone  
  39  3:14  Drone  
  39  3:19  Drone  
  41  3:21  Drone  
  41  3:26  Queen  
  44  3:30  Overlord  
  44  3:31  Drone  
  45  3:35  Drone  
  46  3:46  Drone x3  
  46  3:47  Queen  
  51  3:49  Zergling x6  
  51  3:55  Zergling x8  
  58  3:59  Overlord  
  58  4:05  Drone  
  58  4:06  Overlord  
  58  4:09  Zergling x2  
  60  4:17  Zergling x10  
  65  4:19  Zergling x6  
  62  4:25  Zergling x4  
  62  4:28  Drone  
  63  4:37  Drone x4  
  66  4:38  Drone x2  
  66  4:42  Drone  
  64  4:49  Drone  
  65  4:53  Drone x2  
  67  5:00  Drone x2  
  67  5:02  Overlord  
  67  5:03  Lair, Drone x2  
  67  5:05  Extractor  
  67  5:06  Drone  
  69  5:10  Drone  
  69  5:11  Drone  
  69  5:17  Drone  
  69  5:18  Roach Warren  
  69  5:21  Drone x2  
  69  5:27  Drone  
  72  5:29  Hatchery, Evolution Chamber  
  72  5:31  Drone x3  
  72  5:33  Drone x2  
  75  5:37  Drone x3  
  75  5:39  Drone  
  75  5:41  Extractor x2  
  75  5:46  Zergling x4  
  75  5:48  Zergling x2  
  78  5:52  Zergling x6  
  81  5:57  Drone x5  
  81  6:02  Drone x2  
  81  6:03  Zerg Missile Weapons Level 1  
  87  6:05  Drone  
  87  6:08  Extractor, Glial Reconstitution  
  87  6:09  Drone, Extractor  
  87  6:12  Drone  
  87  6:16  Drone  
  89  6:20  Drone  
  89  6:22  Drone  
  89  6:23  Drone  
  90  6:28  Overlord  
  90  6:30  Overlord  
  90  6:31  Overseer  
  90  6:32  Overlord  
  90  6:33  Overlord  
  90  6:38  Overlord  
  90  6:40  Overlord x2  
  90  6:43  Overlord  
  90  6:46  Overlord  
  90  6:50  Roach x7  
  112  6:54  Roach x4  
  112  6:58  Roach x2  
  112  6:59  Roach x3  
  118  7:02  Infestation Pit  
  118  7:03  Roach  
  118  7:04  Overlord  
  119  7:09  Overlord x2  
  119  7:10  Roach  
  119  7:11  Ravager  
  119  7:13  Ravager x3  
  119  7:14  Ravager x2  
  127  7:16  Ravager x2  
  127  7:18  Roach  
  127  7:20  Ravager x2  
  127  7:22  Roach, Zergling x4  
  130  7:30  Zergling x16  
  130  7:33  Roach  
  130  7:34  Roach  
  130  7:35  Ravager  
  136  7:38  Roach x2  
  136  7:42  Drone x5  
  145  7:46  Roach  
  145  7:47  Hydralisk Den  
  145  7:50  Roach x3  
  152  7:52  Overseer  
  152  7:53  Drone x2  
  152  7:56  Roach  
  152  7:58  Overlord  
  156  7:59  Roach  
  150  8:06  Roach  
  150  8:08  Roach x2  
  150  8:12  Roach x3  
  142  8:21  Lurker Den, Hive  
  142  8:22  Drone x4  
  142  8:24  Extractor  
  142  8:25  Extractor  
  142  8:26  Zergling x4  
  144  8:28  Zergling x6  
  144  8:29  Zergling x2  
  145  8:35  Roach x3  
  145  8:37  Roach x2  
  145  8:39  Overseer  
  155  8:42  Overlord x2  
  155  8:46  Overlord  
  155  8:47  Overlord  
  155  9:04  Roach x7  
  155  9:09  Zerg Missile Weapons Level 2  
  166  9:13  Drone x3  
  166  9:14  Drone x4  
  166  9:16  Roach x5  
  183  9:23  Overlord  
  183  9:26  Drone  
  180  9:39  Pneumatized Carapace  
  180  9:41  Zergling x6  
  182  9:47  Hydralisk x6  
  182  9:51  Roach x3  
  192  9:52  Roach  
  192  9:53  Roach x3  
  192  9:54  Roach x2  
  192  9:56  Roach  
  192  9:59  Overseer  
  179  10:01  Roach x2  
  179  10:02  Roach  
  178  10:10  Roach x3  
  182  10:16  Roach  
  179  10:25  Roach x2, Lurker Den  
  182  10:32  Roach  
  182  10:35  Overlord  
  182  10:38  Queen  
  182  10:39  Overseer, Roach x4  
  182  10:49  Roach  
  174  10:51  Roach x3  
  172  10:58  Roach x4  
  172  11:02  Muscular Augments  
  170  11:07  Spore Crawler  
  170  11:08  Drone x2, Spine Crawler  
  170  11:11  Hydralisk x2  
  170  11:16  Hydralisk  
  176  11:18  Hydralisk  
  176  11:25  Seismic Spines  
  178  11:29  Roach x2  
  182  11:40  Roach x6  
  182  11:44  Roach x3  
  185  11:51  Lurker x5  
  188  12:00  Lurker x2  
  190  12:06  Lurker  
  187  12:09  Zergling x14  
  187  12:14  Grooved Spines  
  174  12:17  Roach x4  
  174  12:22  Drone x4, Adaptive Talons  
  177  12:32  Zergling x14  
  177  12:34  Lurker  
  180  12:40  Drone x2  
  180  12:45  Hatchery  
  180  12:47  Zergling x6  
  180  12:51  Roach  
  170  12:52  Roach  
  170  12:53  Roach  
  170  12:57  Roach  
  168  12:58  Roach  
  168  13:02  Overseer  
  168  13:03  Roach x2  
  168  13:05  Roach  
  174  13:11  Roach x4  
  179  13:16  Roach x3  
  179  13:19  Drone  
  168  13:24  Hydralisk x2  
  162  13:29  Roach  
  162  13:36  Roach x2  
  162  13:37  Roach  
  163  13:45  Roach x3  
  163  13:49  Overseer x2  
  163  13:51  Lurker  
  163  13:59  Ravager x2  
  165  14:08  Hydralisk x5  
  166  14:19  Hydralisk x2  
  166  14:20  Hydralisk  
  170  14:26  Roach x2  
  167  14:35  Hydralisk x2  
  167  14:37  Lurker  
  171  14:38  Lurker  
  167  14:50  Hydralisk  
  167  14:51  Hydralisk  
  166  14:55  Hydralisk  
  166  14:56  Hydralisk  
  152  15:00  Lurker  
  152  15:09  Roach x2  
  130  15:15  Drone x3  
  118  15:23  Lurker x3  
  118  15:27  Lurker  
  122  15:29  Lurker  
  122  15:33  Lurker  
  122  15:35  Lurker  
  125  15:37  Overseer  
  125  15:43  Overseer  
  125  15:45  Lurker x2  
  127  15:58  Hydralisk x2  
  127  16:00  Overseer  
  125  16:06  Hydralisk x2  
  116  16:20  Hydralisk x2  
  116  16:36  Lurker x3  
  118  16:43  Lurker  
  118  16:52  Lurker x2  
  118  16:57  Hydralisk  
  118  16:58  Roach x3  
  114  17:11  Roach  
  97  17:17  Roach x5  
  97  17:21  Roach x2  
  103  17:26  Roach  
  105  17:33  Roach  
  105  17:35  Roach  
  109  17:43  Roach  
  111  17:48  Roach x3  
  114  17:56  Roach  
  112  18:05  Roach  
  111  18:10  Roach x2  
  108  18:21  Roach x2  
Show
View Real Time Build Order
Export as new Build Order

Astrea Protoss - Winner!

Build Orders: Nexus First, Mass Adepts 

Get SALT Encoding   

  12  0:00  Probe  
  13  0:12  Probe  
  14  0:18  Pylon  
  14  0:24  Probe  
  15  0:36  Probe  
  16  0:48  Probe  
  17  0:58  Nexus  
  17  1:08  Gateway  
  17  1:12  Probe (Chrono Boost)  
  17  1:17  Assimilator  
  18  1:24  Probe (Chrono Boost), Assimilator  
  19  1:29  Probe (Chrono Boost)  
  20  1:38  Probe  
  21  1:41  Gateway  
  21  1:50  Probe  
  22  1:56  Cybernetics Core  
  22  2:03  Probe (Chrono Boost)  
  22  2:06  Pylon  
  23  2:12  Probe (Chrono Boost)  
  25  2:20  Probe (Chrono Boost)  
  25  2:21  Probe (Chrono Boost)  
  26  2:26  Probe (Chrono Boost)  
  26  2:27  Probe  
  26  2:29  Adept x2 (Chrono Boost)  
  28  2:30  Warp Gate (Chrono Boost)  
  32  2:38  Probe  
  32  2:39  Probe  
  34  2:50  Probe  
  34  2:51  Probe  
  36  2:52  Stalker, Adept  
  40  3:03  Probe  
  41  3:08  Pylon, Probe  
  41  3:10  Gateway  
  42  3:15  Probe  
  43  3:20  Probe  
  43  3:21  Gateway  
  43  3:24  Adept  
  43  3:26  Adept  
  48  3:29  Probe  
  49  3:35  Pylon  
  49  3:38  Probe  
  49  3:41  Probe  
  51  3:52  Nexus  
  51  3:55  Probe x2  
  53  3:56  Pylon  
  53  4:05  Adept  
  53  4:06  Adept x2  
  53  4:08  Probe x2  
  61  4:17  Assimilator  
  61  4:20  Probe  
  62  4:26  Pylon  
  62  4:35  Forge  
  62  4:38  Twilight Council  
  62  4:39  Probe x2  
  62  4:41  Adept x2  
  62  4:44  Pylon  
  60  4:51  Probe x2  
  56  4:53  Adept x2  
  56  4:56  Assimilator  
  56  4:59  Shield Battery  
  58  5:01  Robotics Facility  
  58  5:03  Probe x2  
  60  5:08  Adept x2  
  60  5:09  Probe  
  63  5:15  Probe, Protoss Ground Weapons Level 1 (Chrono Boost)  
  63  5:16  Blink (Chrono Boost)  
  63  5:18  Adept x2  
  69  5:21  Probe x2 (Chrono Boost)  
  72  5:36  Probe (Chrono Boost), Adept x2  
  72  5:39  Probe (Chrono Boost)  
  72  5:40  Probe (Chrono Boost)  
  78  5:43  Probe (Chrono Boost)  
  78  5:44  Sentry, Probe (Chrono Boost)  
  78  5:46  Sentry, Probe  
  84  5:54  Probe  
  84  5:56  Probe  
  86  5:58  Observer, Assimilator, Probe  
  86  6:00  Pylon  
  86  6:06  Probe  
  86  6:08  Probe  
  86  6:10  Probe  
  86  6:11  Gateway, Assimilator  
  89  6:13  Warp Prism, Sentry x2, Gateway  
  89  6:17  Gateway  
  93  6:27  Gateway  
  93  6:28  Pylon  
  93  6:32  Stalker  
  93  6:33  Pylon  
  93  6:43  Stalker x3  
  99  6:47  Pylon x2  
  99  7:00  Charge  
  99  7:07  Stalker x6  
  111  7:10  Pylon  
  111  7:12  Stalker, Protoss Ground Weapons Level 2 (Chrono Boost)  
  107  7:34  Stalker x7  
  107  7:36  Stalker  
  117  7:42  Dark Shrine  
  115  7:50  Nexus  
  115  8:00  Stalker x3  
  118  8:08  Sentry, Stalker x3  
  114  8:19  Stalker x5  
  118  8:25  Probe x2  
  120  8:32  Stalker x3  
  124  8:35  Nexus  
  124  8:37  Forge  
  123  8:44  Pylon  
  123  8:48  Zealot x5  
  133  8:57  Shadow Stride (Chrono Boost), Pylon  
  133  9:01  Pylon  
  133  9:02  Probe x3  
  136  9:08  Dark Templar  
  134  9:10  Protoss Ground Armor Level 1 (Chrono Boost)  
  134  9:12  Dark Templar  
  134  9:14  Probe  
  137  9:17  Dark Templar  
  137  9:18  Dark Templar  
  137  9:19  Probe  
  137  9:23  Observer  
  143  9:25  Probe  
  143  9:26  Probe  
  143  9:27  Photon Cannon  
  143  9:31  Shield Battery, Probe  
  140  9:39  Probe  
  140  9:44  Observer  
  134  9:46  Stalker x2  
  134  9:47  Stalker x4  
  134  9:52  Stalker x2  
  148  9:53  Probe  
  148  9:56  Probe  
  147  10:00  Probe  
  143  10:08  Probe  
  143  10:11  Dark Templar x3  
  143  10:12  Dark Templar x2  
  149  10:22  Probe x2, Observer  
  150  10:43  Archon x2, Observer  
  150  10:45  Stalker x8  
  164  10:56  Assimilator x2  
  152  11:04  Observer  
  152  11:07  Nexus  
  152  11:09  Protoss Ground Weapons Level 3 (Chrono Boost)  
  153  11:13  Gateway  
  153  11:15  Gateway  
  153  11:18  Protoss Ground Armor Level 2 (Chrono Boost), Zealot x6  
  153  11:19  Zealot  
  153  11:21  Dark Templar  
  153  11:25  Warp Prism  
  168  11:30  Photon Cannon  
  168  11:32  Photon Cannon  
  168  11:53  Stalker x5  
  172  11:54  Stalker x2  
  172  11:59  Pylon x2  
  166  12:03  Robotics Bay  
  166  12:05  Robotics Facility  
  150  12:28  Stargate  
  150  12:29  Pylon  
  148  12:34  Dark Templar x6  
  148  12:36  Zealot x4  
  168  12:40  Probe x5  
  165  12:55  Observer  
  152  13:02  Dark Templar x4  
  160  13:06  Gateway x2  
  160  13:10  Zealot x5  
  151  13:37  Stalker x9  
  159  13:41  Observer  
  129  13:56  Nexus  
  129  14:07  Stalker x11  
  145  14:21  Observer (Chrono Boost)  
  127  14:38  Zealot x10  
  143  14:57  Photon Cannon  
  143  14:58  Photon Cannon  
  135  15:02  Zealot x8  
  148  15:12  Probe x4  
  138  15:24  Probe x4  
  142  15:30  Cybernetics Core  
  143  15:35  Probe  
  143  15:36  Probe x4  
  147  15:46  Dark Templar  
  147  15:47  Dark Templar  
  147  15:48  Probe, Zealot  
  104  16:14  Probe  
  101  16:19  Observer  
  101  16:20  Probe  
  101  16:22  Probe  
  102  16:26  Stalker x10  
  102  16:31  Dark Templar x10  
  95  17:17  Stalker x6  
  95  17:18  Stalker x2  
  111  17:24  Archon  
  111  17:25  Archon  
  111  17:36  Nexus  
  111  17:43  Probe x4  
  115  17:45  Assimilator  
  115  17:46  Pylon  
  115  17:48  Assimilator  
  115  17:50  Stalker x4  
  123  17:55  Probe x2  
  117  18:10  Zealot x6  
  129  18:16  Zealot x4  
  129  18:17  Observer  
  120  18:33  Stalker x4  

Tags
 
Add a new tag
Caveats
  • Supply blocks, unpowered buildings, or Contaminate may cause inaccurate times.
  • Supply counts are checked every 10 seconds.